 Dungeon Crawl Stone Soup version 0.24-a0-201-gf205589 (webtiles) character file.

Game seed: 13867791084049573233

49741 vulsuck the Unseen (level 14, -1/75 HPs)
             Began as a Spriggan Assassin on Mar 22, 2019.
             Was the Champion of Okawaru.
             Slain by a death yak (32 damage)
             ... on level 6 of the Lair of Beasts on Mar 23, 2019.
             The game lasted 01:54:37 (18808 turns).

vulsuck the Unseen (Spriggan Assassin)             Turns: 18808, Time: 01:54:38

Health: -1/75      AC:  8    Str: 11    XL:     14   Next: 17%
Magic:  18/20      EV: 38    Int: 16    God:    Okawaru [******]
Gold:   1519       SH:  9    Dex: 17    Spells: 17/18 levels left

rFire    + . .     SeeInvis +   a - +8 quick blade "Iptifipt" {freeze, Int+2}
rCold    + . .     Gourm    .   T - +1 buckler {rC+ rF+}
rNeg     . . .     Faith    .   n - +2 robe {MR+}
rPois    .         Spirit   .   I - +2 hat
rElec    .         Reflect  .   Z - scarf {repulsion}
rCorr    .         Harm     +   (gloves unavailable)
MR       +++..                  (boots unavailable)
Stlth    +++++++++.             E - amulet of harm
HPRegen  0.22/turn              k - ring of stealth
MPRegen  0.17/turn              C - +4 ring of evasion

@: heroism, repel missiles, very quick
A: very small, unfitting armour, talons 1, iridescent scales 1, see invisible,
herbivore, speed 3, slow metabolism 2
a: Heroism, Finesse, Renounce Religion


You were on level 6 of the Lair of Beasts.
You worshipped Okawaru.
Okawaru was exalted by your worship.
You were not hungry.

You visited 3 branches of the dungeon, and saw 18 of its levels.
You also visited: Ice Cave and Volcano.

You collected 1691 gold pieces.
You spent 172 gold pieces at shops.

Inventory:

Hand Weapons
 a - the +8 quick blade "Iptifipt" (weapon) {freeze, Int+2}
   (Okawaru gifted it to you on level 1 of the Lair of Beasts)

   It has been specially enchanted to freeze those struck by it, causing extra
   injury to most foes and up to half again as much damage against particularly
   susceptible opponents.
   It can also slow down cold-blooded creatures.
   It affects your intelligence (+2).
 b - a +2 blowgun
Missiles
 e - 10 poisoned needles
 f - 4 curare-tipped needles
 t - 6 tomahawks of returning
 A - 225 stones (quivered)
 L - 4 needles of confusion
 P - 6 silver tomahawks
 Q - 3 tomahawks
Armour
 n - a +2 robe of magic resistance (worn)
 s - a +0 robe of cold resistance
 I - a +2 hat (worn)
 T - a +1 buckler of resistance (worn)
 Z - a scarf of repulsion (worn)
Jewellery
 k - a ring of stealth (left hand)
 v - a +6 ring of dexterity
 z - an uncursed ring of ice
 C - a +4 ring of evasion (right hand)
 E - an amulet of harm (around neck)
 O - an uncursed ring of resist corrosion
 S - an uncursed ring of protection from fire
 X - an uncursed ring of protection from magic
Wands
 i - a wand of digging (13)
 J - a wand of acid (3)
 M - a wand of flame (9)
Scrolls
 d - a scroll of enchant armour
 h - 10 scrolls of teleportation
 j - 2 scrolls of fear
 o - 7 scrolls of remove curse
 p - 6 scrolls of fog
 q - 4 scrolls of immolation
 x - a scroll of amnesia
 y - a scroll of vulnerability
 R - 3 scrolls of identify
Potions
 l - 4 potions of brilliance
 m - 2 potions of resistance
 r - 3 potions of flight
 u - 3 potions of curing
 w - a potion of might
 B - 2 potions of lignification
 D - a potion of cancellation
 F - 3 potions of heal wounds
 G - 2 potions of haste
 H - 4 potions of mutation
 N - 2 potions of berserk rage
Miscellaneous
 c - a lightning rod (4/4)
 K - a lamp of fire (inert)
Comestibles
 g - 29 rations


   Skills:
 - Level 9.4(14.4) Fighting
 - Level 10.3(15.3) Short Blades
 - Level 8.9(13.9) Throwing
 - Level 14.8(19.8) Dodging
 - Level 18.5(23.5) Stealth
 + Level 2.0(7.0) Shields
 - Level 2.8 Spellcasting
 - Level 3.5 Translocations
 - Level 7.0 Invocations
 - Level 4.9 Evocations


You had 17 spell levels left.
You knew the following spells:

 Your Spells              Type           Power        Failure   Level  Hunger
a - Apportation           Tloc           ##....       4%          1    #......

Your spell library contained the following spells:

 Spells                   Type           Power        Failure   Level  Hunger
 Animate Skeleton         Necr           N/A          19%         1    #......
 Confusing Touch          Hex            #.....       19%         1    #......
 Summon Small Mammal      Summ           #...         19%         1    #......
 Bolt of Magma            Conj/Fire/Erth #.........   99%         5    ######.
 Iskenderun's Battlesphe  Conj/Chrm      #.......     99%         5    ######.
 Venom Bolt               Conj/Pois      #.........   99%         5    ######.
 Iron Shot                Conj/Erth      #.........   100%        6    #######
 Orb of Destruction       Conj           #.........   100%        7    #######
 Spellforged Servitor     Conj/Summ      #.........   100%        7    #######


Dungeon Overview and Level Annotations

Branches:
Dungeon (11/15)            Temple (1/1) D:6            Lair (6/6) D:11
  Swamp (0/4) Lair:3        Snake (0/4) Lair:3        Slime (0/5) Lair:5
    Orc (0/2) D:9

Altars:
Ashenzari
Cheibriados
Dithmenos
Elyvilon
Fedhas
Gozag
Hepliaklqana
Kikubaaqudgha
Makhleb
Nemelex Xobeh
Okawaru
Qazlal
Ru
Sif Muna
Trog
Uskayaw
Vehumet
Wu Jian
Xom
Yredelemnul
Zin
The Shining One
Jiyva

Shops:
D:5 %::=%   D:7 }   D:8 [   D:9 (

Annotations:
D:3 Robin
D:8 6 runed translucent doors, exclusion: 4 doors, avis's ghost, novice GnWz
D:9 exclusion: queen bee
D:10 Gastronok
Lair:1 2 transporters, exclusion: downstairs, JeffiDaFish's ghost, novice SpNe
Lair:3 exclusions: downstairs and electric eel
Lair:4 exclusion: oklob plant


Innate Abilities, Weirdness & Mutations

You are very small and have problems with some larger weapons.
You are too small for most types of armour.
You have supernaturally acute eyesight. (SInv)
You are a herbivore.
You cover ground extremely quickly.
You need to consume almost no food.
You have sharp toenails.
You are partially covered in iridescent scales. (AC +2)


Message History

You block the death yak's attack. The death yak gores you!
The death yak is engulfed in blazing flames.
You hit the death yak. You freeze the death yak.
You claw the death yak, but do no damage.
The death yak is severely wounded.
You hit the death yak. You freeze the death yak.
You claw the death yak, but do no damage.
The death yak is almost dead.
You puncture the death yak! You freeze the death yak.
You kill the death yak!
Okawaru accepts your kill.
Your base Shields skill increases to level 2!
You hit the death yak. You freeze the death yak.
You claw the death yak, but do no damage.
The death yak is lightly wounded.
You puncture the death yak! You freeze the death yak.
The death yak is moderately wounded.
The death yak is engulfed in blazing flames.
The death yak gores you!!
You die...

..## .###...#.## #YY÷.#
.#.###..#....#.## ##...P#
............##..# #..†P##
...........##...## ##...##
...........#...P.### ###...##
†.........##.....P☼####§..###
.........##.......☼☼§☼☼..##
<.......##÷÷.♣...Y.§○.○§##
...........P....@†§..######
................P.####....#
.........P...P...##......##
..........P.P...##.......#
................#........##
..........................#
.........................##
.........................#
.........................#


You could see a death yak.

Vanquished Creatures
  Kirke (Lair:4)
  A frost giant (IceCv)
  3 hydras
  A two-headed ogre (D:11)
  4 death yaks
  A fire crab (Volcano)
  A lindwurm (Volcano)
  An oklob plant (D:11)
  A manticore (D:11)
  2 ugly things (D:11)
  Maurice (D:9)
  8 elephants
  A cyclops (D:11)
  4 black mambas
  2 molten gargoyles (Volcano)
  A torpor snail (Lair:4)
  An ice statue (IceCv)
  9 spiny frogs
  6 komodo dragons
  28 polar bears
  2 trolls
  A hornet (D:11)
  6 hippogriffs
  10 blink frogs (Lair:5)
  A wraith (D:10)
  6 hogs (Lair:4)
  40 yaks
  2 wyverns
  A steam dragon (D:11)
  5 fire bats
  2 swamp worms (Lair:3)
  6 water moccasins
  Duvessa (D:6)
  3 hell hounds (Volcano)
  4 porcupines
  4 orc warriors
  A phantom (D:8)
  6 black bears
  3 ogres
  An eye of draining (D:9)
  69 wolves
  7 centaurs
  11 crocodiles
  A big kobold (D:11)
  8 bullfrogs
  A water moccasin skeleton (D:8)
  5 scorpions
  Dowan (D:6)
  6 wights
  A crimson imp (D:10)
  A howler monkey (D:6)
  A lava snake (Volcano)
  A centaur zombie (D:11)
  A quasit (D:10)
  2 orc priests (D:10)
  A bullfrog skeleton (D:10)
  3 bullfrog zombies
  2 orc wizards (D:10)
  A hound (D:5)
  3 jellies
  Jessica (D:6)
  3 centaur skeletons
  4 iguanas
  4 worker ants
  A hound zombie (D:11)
  A worker ant zombie (D:10)
  A howler monkey skeleton (D:9)
  8 adders
  4 shadow imps
  12 white imps (Lair:6)
  An ooze (D:1)
  An adder skeleton (D:7)
  2 worms
  A dart slug (D:2)
  3 leopard geckos
  31 orcs
  3 ball pythons
  3 giant cockroaches
  10 goblins
  3 hobgoblins
  6 jackals
  8 quokkas
  6 bats
  2 frilled lizards (D:3)
  7 kobolds
  5 rats
  2 fungi (Lair:4)
  A plant (D:11)
442 creatures vanquished.

Vanquished Creatures (others)
  A polar bear (IceCv)
  A plant (Lair:4)
2 creatures vanquished.

Grand Total: 444 creatures vanquished

Notes
Turn   | Place    | Note
-------+----------+-------------------------------------------
     0 | D:1      | vulsuck the Spriggan Assassin began the quest for the Orb.
     0 | D:1      | Reached XP level 1. HP: 10/10 MP: 2/2
    63 | D:1      | Reached skill level 6 in Stealth
   115 | D:1      | Reached XP level 2. HP: 14/14 MP: 3/3
   914 | D:2      | Reached skill level 7 in Stealth
   914 | D:2      | Reached XP level 3. HP: 18/18 MP: 4/4
  1156 | D:2      | Noticed a scorpion
  1160 | D:2      | Killed a scorpion
  1160 | D:2      | Reached XP level 4. HP: 22/22 MP: 5/5
  1579 | D:3      | Reached skill level 8 in Stealth
  1623 | D:3      | Found a sacrificial altar of Ru.
  2178 | D:3      | Noticed a bullfrog
  2222 | D:3      | Found a shadowy altar of Dithmenos.
  2263 | D:3      | Killed a bullfrog
  2263 | D:3      | Reached XP level 5. HP: 25/25 MP: 6/6
  2549 | D:3      | Noticed Robin
  2611 | D:4      | Noticed an ogre
  2690 | D:4      | Reached skill level 9 in Stealth
  2715 | D:4      | Killed an ogre
  2715 | D:4      | Reached skill level 5 in Short Blades
  2715 | D:4      | Reached XP level 6. HP: 30/30 MP: 7/7
  3557 | D:5      | Entered Level 5 of the Dungeon
  3559 | D:5      | Found Pugake's Book Boutique.
  3614 | D:5      | Found Nynam's Jewellery Emporium.
  3614 | D:5      | Noticed a sky beast
  3625 | D:5      | Found an iron altar of Okawaru.
  3633 | D:5      | Became a worshipper of Warmaster Okawaru
  3650 | D:5      | Found Igawkoku's Food Emporium.
  3961 | D:5      | Reached XP level 7. HP: 31/35 MP: 8/8
  4077 | D:5      | Found Ydureas's Book Emporium.
  4295 | D:5      | Found Oskum's Food Boutique.
  4474 | D:6      | Reached * piety under Okawaru
  4648 | D:6      | Noticed Dowan
  4748 | D:6      | Noticed Duvessa
  4749 | D:6      | Killed Dowan
  4804 | D:6      | Killed Duvessa
  4971 | D:6      | Reached skill level 5 in Dodging
  4971 | D:6      | Reached XP level 8. HP: 20/40 MP: 9/9
  5059 | D:6      | Found a sparkling altar of Nemelex Xobeh.
  5059 | D:6      | Noticed Jessica
  5063 | D:6      | Killed Jessica
  5169 | D:6      | Reached skill level 5 in Throwing
  5252 | D:6      | Found a staircase to the Ecumenical Temple.
  5264 | Temple   | Entered the Ecumenical Temple
  5720 | D:7      | Found Xoxorph's Gadget Boutique.
  5878 | D:7      | Reached ** piety under Okawaru
  6367 | D:8      | Found Ucwol's Armour Shop.
  6477 | D:8      | Bought a +2 hat for 160 gold pieces
  6671 | D:8      | Found a runed translucent door.
  6672 | D:8      | Noticed avis's ghost (novice GnWz)
  6822 | D:8      | Found the +9 staff of Olgreb {rPois}
  6882 | D:8      | Reached skill level 1 in Invocations
  6994 | D:8      | Found a runed translucent door.
  7000 | D:8      | Found a runed translucent gate.
  7000 | D:8      | Found a runed translucent gate.
  7001 | D:8      | Found a runed translucent door.
  7030 | D:8      | Found a runed translucent gate.
  7255 | D:8      | Gained mutation: You are partially covered in iridescent
                  | scales. (AC +2) [potion of mutation]
  7255 | D:8      | Gained mutation: You have sharp toenails. [potion of
                  | mutation]
  7424 | D:9      | Found Mibroun's Weapon Shop.
  7424 | D:9      | Found a staircase to the Orcish Mines.
  7533 | D:9      | Reached XP level 9. HP: 44/44 MP: 11/11
  7542 | D:9      | Bought 2 needles of confusion for 12 gold pieces
  7644 | D:9      | Found an ancient bone altar of Kikubaaqudgha.
  7669 | D:9      | Learned a level 1 spell: Apportation
  7724 | D:9      | Noticed a queen bee
  7754 | D:9      | Noticed a troll
  7761 | D:9      | Killed a troll
  7816 | D:9      | Reached *** piety under Okawaru
  7894 | D:9      | Reached skill level 10 in Stealth
  7932 | D:9      | Noticed Maurice
  7951 | D:9      | Killed Maurice
  7951 | D:9      | Reached skill level 11 in Stealth
  8165 | D:9      | Reached **** piety under Okawaru
  8172 | D:9      | Reached skill level 12 in Stealth
  8345 | D:10     | Entered Level 10 of the Dungeon
  8401 | D:10     | Reached XP level 10. HP: 38/49 MP: 13/13
  8616 | D:10     | Noticed Gastronok
 10447 | D:11     | Reached skill level 13 in Stealth
 10472 | D:11     | Noticed a red ugly thing
 10475 | D:11     | Reached ***** piety under Okawaru
 10476 | D:11     | Noticed an oklob plant
 10484 | D:11     | Killed a red ugly thing
 10547 | D:11     | Noticed a two-headed ogre
 10569 | D:11     | Received a gift from Okawaru
 10625 | D:11     | Killed a two-headed ogre
 10625 | D:11     | Received a gift from Okawaru
 10625 | D:11     | Reached skill level 14 in Stealth
 10881 | D:11     | Noticed a cyclops
 10906 | D:11     | Reached skill level 10 in Short Blades
 10929 | D:11     | Noticed a green ugly thing
 10950 | D:11     | Killed a green ugly thing
 10950 | D:11     | Reached skill level 15 in Stealth
 11002 | D:11     | Noticed a manticore
 11009 | D:11     | Killed a cyclops
 11017 | D:11     | Killed a manticore
 11017 | D:11     | Reached XP level 11. HP: 46/52 MP: 11/14
 11152 | D:11     | Received a gift from Okawaru
 11342 | D:11     | Found a staircase to the Lair.
 11456 | D:11     | Killed an oklob plant
 11456 | D:11     | Reached skill level 16 in Stealth
 11492 | Lair:1   | Entered Level 1 of the Lair of Beasts
 11992 | Lair:1   | Found a transporter.
 11992 | Lair:1   | Identified the +3 rapier of Megalomania {holy, Dex+8
                  | Stlth+}
 11992 | Lair:1   | Noticed a spriggan berserker
 11995 | Lair:1   | Identified the +8 spear of Agawnots {holy, rF+}
 11995 | Lair:1   | Noticed a spriggan rider
 11996 | Lair:1   | Found a bloodstained altar of Trog.
 11996 | Lair:1   | Noticed JeffiDaFish's ghost (novice SpNe)
 12014 | Lair:1   | Found a transporter.
 12020 | Lair:1   | Identified the cursed +1 trident of the Eternal Void
                  | {drain, rF+}
 12020 | Lair:1   | Noticed a spriggan rider
 12460 | Lair:1   | Reached skill level 5 in Invocations
 12611 | Lair:1   | Received a gift from Okawaru
 12706 | Lair:1   | Got an ancient quick blade {god gift}
 12707 | Lair:1   | Identified the +8 quick blade "Iptifipt" {freeze, Int+2}
                  | (Okawaru gifted it to you on level 1 of the Lair of Beasts)
 13256 | Lair:2   | Reached skill level 5 in Fighting
 13795 | Lair:3   | Found a staircase to the Swamp.
 13847 | Lair:3   | Reached XP level 12. HP: 51/60 MP: 17/17
 13865 | Lair:3   | Found a white marble altar of Elyvilon.
 13991 | Lair:3   | Found a staircase to the Snake Pit.
 14140 | Lair:3   | Received a gift from Okawaru
 14508 | Lair:4   | Found an ornate altar of the Wu Jian Council.
 14712 | Lair:4   | Noticed a seven-headed hydra
 14756 | Lair:4   | Reached skill level 10 in Dodging
 14762 | Lair:4   | Noticed Kirke
 14820 | Lair:4   | Killed Kirke
 15060 | Lair:4   | Received a gift from Okawaru
 15276 | Lair:4   | Killed a seven-headed hydra
 15276 | Lair:4   | Reached ****** piety under Okawaru
 15276 | Lair:4   | Received a gift from Okawaru
 15557 | Lair:5   | Noticed a seven-headed hydra
 15680 | Lair:5   | Found a viscous altar of Jiyva.
 15680 | Lair:5   | Found a staircase to the Slime Pits.
 16051 | Lair:5   | Reached XP level 13. HP: 56/68 MP: 19/19
 16483 | Lair:5   | Reached skill level 1 in Translocations
 16485 | Lair:5   | Reached skill level 1 in Spellcasting
 16549 | Lair:6   | Entered Level 6 of the Lair of Beasts
 16731 | Lair:6   | Found a dark tunnel.
 16781 | Volcano  | Entered a volcano
 16963 | Volcano  | Found a burning altar of Makhleb.
 16972 | Volcano  | Reached skill level 1 in Evocations
 17011 | Volcano  | Received a gift from Okawaru
 17316 | Lair:6   | Found a frozen archway.
 17403 | IceCv    | Entered an ice cave
 17477 | IceCv    | Reached skill level 17 in Stealth
 18156 | IceCv    | Noticed a frost giant
 18172 | IceCv    | Reached skill level 18 in Stealth
 18209 | IceCv    | Killed a frost giant
 18209 | IceCv    | Received a gift from Okawaru
 18209 | IceCv    | Reached XP level 14. HP: 46/75 MP: 20/20
 18700 | Lair:6   | Received a gift from Okawaru
 18762 | Lair:6   | Reached skill level 1 in Shields
 18808 | Lair:6   | Slain by a death yak

Levels and vault maps discovered:
D:1:      dpeg_arrival_ternary, layout_basic
D:2:      layout_loops_ring, serial_park_tiny_1, minmay_tree_intersection
D:3:      layout_basic, old_standard_altar, first_ration,
          nicolae_dithmenos_through_a_glass_darkly, uniq_robin
D:4:      layout_rooms, minmay_misc_feat_pillars, minmay_unequal
D:5:      layout_basic, serial_shops,
          nicolae_shop_temple_entry_statues_fountains, nicolae_shop_statue_plus,
          kennysheep_mini_moat, nicolae_shop_trees, shop, basic_altar,
          serial_glass, glass_columns_a, glass_columns_a, glass_columns_a,
          glass_columns_c, glass_columns_b, glass_columns_a
D:6:      layout_basic, minmay_temple_entry_nine_rooms,
          nemelex_lonely_heart_becter, uniq_duvessa
D:7:      layout_basic, serial_shops, kennysheep_little_box, grunt_livestock,
          okawaru_humans
D:8:      layout_loops_corners, ebering_ghost_reflecting_pool, serial_shops,
          shop, minmay_guarded_unrand_staff_of_olgreb
D:9:      layout_roguey, orc_david_3, basic_altar, special_room
          [special_room_bee], columned_hall_lemuel, uniq_maurice
D:10:     layout_grid_maze, serial_shops, nicolae_shop_crystal, uniq_gastronok
D:11:     layout_cave_pools, dpeg_oklobed_lair
Temple:   kilobyte_greek_temple
Lair:1:   beast_lair_carwin_large_2, layout_cave_pods,
          gammafunk_ghost_wrathful_warriors, gammafunk_lair_bear_cave
Lair:2:   layout_loops_ring
Lair:3:   layout_regular_city, nicolae_swamp_entry_splash_gauntlet,
          guppyfry_snake_entry_garden, lemuel_centaur_altar
Lair:4:   layout_regular_city, basic_altar, lemuel_fruit_fields,
          lemuel_fruit_tree, uniq_kirke
Lair:5:   layout_cave_pods, slime_altar_1, serial_bayou_pond_b,
          grunt_forest_large_clearings, lemuel_fruit_fields
Lair:6:   grunt_lair_end_beastmaster, layout_regular_city,
          portal_ice_cave_entry_imps, nicolae_volcano_entry_batcave,
          kennysheep_rathole
IceCv:    ice_cave_caverns_02
Volcano:  volcano_lake [vl_original]

Skill      XL: |  1  2  3  4  5  6  7  8  9 10 11 12 13 14 |
---------------+-------------------------------------------+-----
Stealth        | 6 7 8 9 12 15 16 18 | 18.5
Short Blades   | 3 4 5 7 10 | 10.3
Dodging        | 3 5 9 13 14 | 14.8
Fighting       | 2 3 5 8 9 |  9.4
Throwing       | 4 8 |  8.9
Invocations    | 2 6 7 |  7.0
Translocations | 3 |  3.5
Spellcasting   | 2 |  2.8
Evocations     | 4 |  4.9
Shields        | 2 |  2.0

Action                   |  1- 3 |  4- 6 |  7- 9 | 10-12 | 13-15 || total
-------------------------+-------+-------+-------+-------+-------++-------
Melee: Dagger            |    40 |   182 |   123 |   299 |       ||   644
       Short sword       |       |       |   234 |   149 |       ||   383
       Kick              |       |       |    49 |   243 |   204 ||   496
       Punch             |       |       |     2 |     9 |     7 ||    18
       Quick blade       |       |       |       |   338 |   659 ||   997
 Fire: Blowgun           |    12 |    34 |    30 |    13 |     2 ||    91
Throw: Stone             |       |       |    78 |   135 |    42 ||   255
       Tomahawk          |       |       |       |    12 |       ||    12
Invok: Heroism           |       |       |     8 |    16 |    13 ||    37
       Finesse           |       |       |       |     1 |       ||     1
Evoke: Lamp of fire      |       |       |       |       |     1 ||     1
  Use: Scroll            |       |       |    11 |     7 |     4 ||    22
       Potion            |       |       |     5 |     4 |     1 ||    10
 Stab: Sleeping          |    17 |    15 |    21 |    41 |    21 ||   115
       Distracted        |       |       |     2 |     4 |     5 ||    11
       Confused          |       |       |     3 |       |     2 ||     5
       Invisible         |       |       |       |       |     6 ||     6
  Eat: Ration            |       |       |     3 |     3 |     2 ||     8
Armor: Robe              |     2 |    17 |    20 |    22 |    27 ||    88
Dodge: Dodged            |    16 |    85 |   239 |   330 |   402 ||  1072
       Deflected         |       |       |       |       |     5 ||     5
Block: Buckler           |       |       |       |       |     2 ||     2

Table legend:
 A = Non-vault XP
 B = Vault XP
 C = Vault XP percentage of total XP
 D = Non-vault monster count
 E = Vault monster count
 F = Vault count percentage of total count
                 A         B        C        D         E       F
            +---------+---------+-------+---------+---------+-------
      Total |   37190 |   33869 |  47.7 |     278 |     162 |  36.8
            +---------+---------+-------+---------+---------+-------
        D:1 |      27 |       0 |   0.0 |      12 |       0 |   0.0
        D:2 |     130 |       0 |   0.0 |      21 |       0 |   0.0
        D:3 |     126 |       1 |   0.8 |      16 |       1 |   5.9
        D:4 |     228 |      48 |  17.4 |      15 |       2 |  11.8
        D:5 |     275 |       0 |   0.0 |      12 |       0 |   0.0
        D:6 |     470 |     252 |  34.9 |      17 |       3 |  15.0
        D:7 |     189 |       0 |   0.0 |       7 |       0 |   0.0
        D:8 |    1022 |      15 |   1.4 |      14 |       5 |  26.3
        D:9 |    2262 |     503 |  18.2 |      20 |       1 |   4.8
       D:10 |    1220 |       0 |   0.0 |      21 |       0 |   0.0
       D:11 |    5193 |     542 |   9.5 |      24 |       1 |   4.0
     Lair:1 |    3850 |    1980 |  34.0 |      20 |       9 |  31.0
     Lair:2 |    2460 |       0 |   0.0 |       9 |       0 |   0.0
     Lair:3 |    1863 |     316 |  14.5 |      11 |       2 |  15.4
     Lair:4 |    7045 |    3222 |  31.4 |      22 |       7 |  24.1
     Lair:5 |    6645 |    4811 |  42.0 |      20 |      39 |  66.1
     Lair:6 |    4185 |    6066 |  59.2 |      17 |      29 |  63.0
      IceCv |       0 |   12861 | 100.0 |       0 |      53 | 100.0
    Volcano |       0 |    3252 | 100.0 |       0 |      10 | 100.0
            +---------+---------+-------+---------+---------+-------
